 Dungeon Crawl Stone Soup version 0.23-a0-398-g8eab93f (webtiles) character file.

95 RoseArtemis the Sneak (level 4, -4/31 HPs)
             Began as a Spriggan Enchanter on Nov 3, 2018.
             Killed from afar by a white imp (9 damage)
             ... with a puff of frost
             ... summoned by Natasha
             ... on level 2 of the Dungeon.
             The game lasted 00:06:13 (1766 turns).

RoseArtemis the Sneak (Spriggan Enchanter)          Turns: 1766, Time: 00:06:13

Health: -4/31      AC: 22    Str:  4    XL:     4   Next: 39%
Magic:  1/9        EV:  4    Int: 17    God:
Gold:   112        SH:  0    Dex: 16    Spells: 4/9 levels left

rFire    . . .     SeeInvis +   a - +1 dagger
rCold    . . .     Gourm    .   (shield restricted)
rNeg     + + +     Faith    .   (armour currently unavailable)
rPois    +         Spirit   .   (helmet currently unavailable)
rElec    .         Reflect  .   (cloak currently unavailable)
rCorr    .         Harm     .   (gloves unavailable)
MR       .....     NoTele   +   (boots unavailable)
Stlth    +++.......             (no amulet)
HPRegen  0.10/turn              h - +3 ring of evasion
MPRegen  0.11/turn              (no ring)

@: tree-form
A: very small, unfitting armour, see invisible, herbivore, slow metabolism 2
a: no special abilities


You were on level 2 of the Dungeon.
You were not hungry.
You were a tree.
You visited 1 branch of the dungeon, and saw 2 of its levels.

You collected 112 gold pieces.

Inventory:

Hand Weapons
 a - a +1 dagger (weapon)
Armour
 b - a +0 robe (melded)
Jewellery
 h - a +3 ring of evasion (left branch)
Scrolls
 c - 2 scrolls of amnesia
 f - a scroll of remove curse {unknown}
 g - a scroll of immolation {unknown}
 i - a scroll of fog {unknown}
Potions
 j - a potion of curing {unknown}
Comestibles
 d - 2 rations


   Skills:
 + Level 2.1 Short Blades
 + Level 4.0 Dodging
 + Level 5.2 Stealth
 - Level 3.2 Spellcasting
 * Level 4.7 Hexes


You had 4 spell levels left.
You knew the following spells:

 Your Spells              Type           Power        Failure   Level  Hunger
a - Dazzling Spray        Conj/Hex       ##....       19%         3    ###....
b - Ensorcelled Hibernat  Hex/Ice        ##....       10%         2    ##.....

Your spell library contained the following spells:

 Spells                   Type           Power        Failure   Level  Hunger
 Corona                   Hex            ###....      2%          1    None
 Confuse                  Hex            ###.....     8%          3    ###....
 Tukima's Dance           Hex            ###.....     8%          3    ###....


Dungeon Overview and Level Annotations

Branches:
Dungeon (2/15)

Altars:

Annotations:
D:2 Natasha


Innate Abilities, Weirdness & Mutations

You are very small and have problems with some larger weapons.
You are too small for most types of armour.
You have supernaturally acute eyesight. (SInv)
You are a herbivore.
((You cover ground extremely quickly.))
You need to consume almost no food.


Message History

The magic dart hits you!
* * * LOW HITPOINT WARNING * * *
You hit Natasha but do no damage.
Natasha mumbles some strange words.
You feel disoriented. Natasha completely misses you.
You hit Natasha. Natasha barely misses you.
You closely miss Natasha.
The white imp is no longer blind.
Natasha misses you.
You hit Natasha but do no damage.
Natasha mumbles some strange words.
You hit Natasha.
Natasha casts a spell.
You hit Natasha. The white imp closely misses you. Natasha claws you!
* * * LOW HITPOINT WARNING * * *
You turn into a tree.
Your +0 robe melds into your body.
Your roots penetrate the ground.
The crimson imp hits you but does no damage.
The white imp gestures at you. The puff of frost hits you!
You die...

####.###..# #..#
#†........# #.>#
#.##.###.####..##
#.#.............#
#.#.....†.......#
##<...###.####.#.#
....#.†....# #.#.#
##....###..###.#5#
#.#.## #...##.5♣#
#.#.# ##..####h#
#.#####..####5#
#...[.........#
#######..####.#
#..# #.# #..# #.#
#######..####.#
......<...)...#


You could see Natasha, a crimson imp and 2 white imps.

Vanquished Creatures
  Jessica (D:2)
  Natasha (D:2)
  A worm (D:2)
  2 dart slugs (D:1)
  A leopard gecko (D:2)
  A giant cockroach (D:1)
  2 goblins (D:2)
  5 hobgoblins
  2 jackals (D:2)
  3 kobolds
  2 bats
  3 frilled lizards
  16 rats
40 creatures vanquished.

Notes
Turn   | Place    | Note
-------+----------+-------------------------------------------
     0 | D:1      | RoseArtemis the Spriggan Enchanter began the quest for the
                  | Orb.
     0 | D:1      | Reached XP level 1. HP: 9/9 MP: 5/5
   274 | D:1      | Reached XP level 2. HP: 13/13 MP: 4/6
   493 | D:1      | Learned a level 2 spell: Ensorcelled Hibernation
   940 | D:2      | Noticed Jessica
   947 | D:2      | Killed Jessica
   947 | D:2      | Reached XP level 3. HP: 16/16 MP: 5/8
  1406 | D:2      | Learned a level 3 spell: Dazzling Spray
  1560 | D:2      | Reached skill level 5 in Stealth
  1697 | D:2      | Noticed Natasha
  1712 | D:2      | Killed Natasha
  1712 | D:2      | Reached XP level 4. HP: 21/21 MP: 9/9
  1749 | D:2      | Noticed Natasha
  1766 | D:2      | Killed from afar by a white imp

Vault maps used:
D:1:      dpeg_arrival_shrine, roderic_roman_lattice, minmay_misc_feat_room,
          minmay_rat_gold_closets
D:2:      fedhas_altar_1, uniq_natasha, uniq_jessica

Skill      XL: |  1  2  3 |
---------------+----------+-----
Hexes          | 4 |  4.7
Spellcasting   | 3 |  3.2
Short Blades   | 2 |  2.1
Stealth        | 5 |  5.2
Dodging        | 4 |  4.0

Action                   |  1- 3 |  4- 6 || total
-------------------------+-------+-------++-------
Melee: Dagger            |   118 |    12 ||   130
 Cast: Corona            |     2 |       ||     2
       Ensorcelled Hiber |    16 |     3 ||    19
       Dazzling Spray    |       |     1 ||     1
  Use: Scroll            |     3 |       ||     3
       Potion            |       |     1 ||     1
 Stab: Sleeping          |    24 |     2 ||    26
Armor: Robe              |    11 |       ||    11
       Skin              |       |     1 ||     1
Dodge: Dodged            |    73 |     6 ||    79

Table legend:
 A = Non-vault XP
 B = Vault XP
 C = Vault XP percentage of total XP
 D = Non-vault monster count
 E = Vault monster count
 F = Vault count percentage of total count
                 A         B        C        D         E       F
            +---------+---------+-------+---------+---------+-------
      Total |      54 |      82 |  60.3 |      29 |      11 |  27.5
            +---------+---------+-------+---------+---------+-------
        D:1 |      22 |       9 |  29.0 |      13 |       9 |  40.9
        D:2 |      32 |      73 |  69.5 |      16 |       2 |  11.1
            +---------+---------+-------+---------+---------+-------
